 Dungeon Crawl Stone Soup version 0.21-a0-401-g0b6bec4 (webtiles) character file.

426 Detram the Ruffian (level 6, -1/56 HPs)
             Began as a Draconian Berserker on Oct 22, 2017.
             Was a Believer of Trog.
             Slain by Kavrick's ghost (10 damage)
             ... on level 4 of the Dungeon.
             The game lasted 00:14:20 (3097 turns).

Detram the Ruffian (Draconian Berserker)            Turns: 3097, Time: 00:14:21

Health: -1/56      AC:  8    Str: 22    XL:     6   Next: 64%
Magic:  6/6        EV: 13    Int:  7    God:    Trog [**....]
Gold:   119        SH:  0    Dex: 10    Spells: 5/5 levels left

rFire    . . .     SeeInvis +     - Unarmed
rCold    . . .     Gourm    .   (no shield)
rNeg     . . .     Faith    .   (armour unavailable)
rPois    .         Spirit   .   (helmet restricted)
rElec    .         Reflect  .   y - +0 cloak
rCorr    .         Harm     .   (no gloves)
MR       .....                  w - +0 pair of boots
Stlth    +.........             u - amulet of inaccuracy (curse)
HPRegen  0.18/turn              (no ring)
MPRegen  0.10/turn              r - ring of see invisible

@: berserk cooldown, slowed, very slow
A: unfitting armour, cold-blooded, AC +6
a: Berserk, Trog's Hand, Burn Spellbooks, Renounce Religion


You were on level 4 of the Dungeon.
You worshipped Trog.
Trog was pleased with you.
You were very hungry.

You visited 1 branch of the dungeon, and saw 4 of its levels.

You collected 119 gold pieces.

Inventory:

Hand Weapons
 b - a +0 dagger
Missiles
 g - 106 stones (quivered)
Armour
 w - a +0 pair of boots (worn)
 y - a +0 cloak (worn)
Jewellery
 n - an uncursed ring of fire
 r - a ring of see invisible (right hand)
 u - a cursed amulet of inaccuracy (around neck)
Scrolls
 c - 3 scrolls of identify {unknown}
 h - a scroll of enchant weapon {unknown}
 j - 2 scrolls of remove curse {unknown}
 m - a scroll of teleportation {unknown}
 o - 2 scrolls of enchant armour {unknown}
 s - a scroll of random uselessness {unknown}
 x - 3 scrolls of magic mapping {unknown}
Potions
 e - 2 potions of curing {unknown}
 f - a potion of ambrosia {unknown}
 i - a potion of might
 k - a potion of lignification {unknown}
 l - a potion of brilliance {unknown}
 t - a potion of agility {unknown}
Comestibles
 a - 3 bread rations
 d - a meat ration
 q - a royal jelly
 v - 5 fruits


   Skills:
 + Level 5.0 Fighting
 + Level 4.1 Dodging
 * Level 5.7 Unarmed Combat


You had 5 spell levels left.
You didn't know any spells.

Dungeon Overview and Level Annotations

Branches:
Dungeon (4/15)
 Temple: D:4-7

Altars:
Kikubaaqudgha
Ru

Annotations:
D:4 Kavrick's ghost, novice KoGl


Innate Abilities, Weirdness & Mutations

Your plain brown scales are hard. (AC +6)
You cannot fit into any form of body armour.
You are cold-blooded and may be slowed by cold attacks.


Message History

Kavrick's ghost hits you but does no damage.
You feel sick.
You are no longer poisoned.
Kavrick's ghost misses you. Kavrick's ghost closely misses you.
You miss Kavrick's ghost.
Kavrick's ghost is lightly damaged.
Kavrick's ghost hits you but does no damage.
Kavrick's ghost hits you but does no damage.
Kavrick's ghost hits you.
* * * LOW HITPOINT WARNING * * *
You are feeling very hungry.
Kavrick's ghost says, "Just let the darkness consume you."
Kavrick's ghost hits you but does no damage.
Kavrick's ghost hits you but does no damage.
The orc hits you with a hand axe.
* * * LOW HITPOINT WARNING * * *
Kavrick's ghost closely misses you. Kavrick's ghost hits you!
You die...

## ##...# #...o......# .#
##+# #.o........# .# #.#
#..#####...# .######.#######
#o.#/!$#...#
.#........#...###o.#(!$#...#
.#.##.....>.....#..#$(%#.....
.#.##.........#.#..#####..##.
.#.##......#.##.#Wo.......#
.#.##.#.#..#....@o........#
......###..####.##########
##.........# #.#
#########.####.# #......#
########


You could see Kavrick's ghost and 5 orcs.

Vanquished Creatures
  Sigmund (D:3)
  A scorpion (D:4)
  A hound (D:3)
  Natasha (D:4)
  3 gnolls (D:3)
  7 adders
  An ooze (D:3)
  3 worms
  A dart slug (D:3)
  A leopard gecko (D:3)
  2 orcs (D:3)
  4 bats
  2 giant cockroaches
  8 goblins
  5 hobgoblins
  5 jackals
  6 kobolds
  A quokka (D:2)
  5 frilled lizards
  13 rats
71 creatures vanquished.

Notes
Turn   | Place    | Note
-------+----------+-------------------------------------------
     0 | D:1      | Detram the Draconian Berserker began the quest for the Orb.
     0 | D:1      | Reached XP level 1. HP: 19/19 MP: 1/1
   260 | D:1      | Reached XP level 2. HP: 26/26 MP: 2/2
   901 | D:2      | Reached XP level 3. HP: 33/33 MP: 3/3
   902 | D:2      | Reached ** piety under Trog
  1317 | D:2      | Found an ancient bone altar of Kikubaaqudgha.
  2046 | D:2      | Reached XP level 4. HP: 38/40 MP: 4/4
  2111 | D:3      | Noticed Sigmund
  2121 | D:3      | Killed Sigmund
  2121 | D:3      | Reached skill level 5 in Unarmed Combat
  2121 | D:3      | Reached XP level 5. HP: 47/47 MP: 5/5
  2464 | D:3      | Found a sacrificial altar of Ru.
  2667 | D:3      | Reached XP level 6. HP: 53/53 MP: 6/6
  3026 | D:4      | Noticed Natasha
  3044 | D:4      | Killed Natasha
  3053 | D:4      | Noticed Kavrick's ghost (novice KoGl)
  3059 | D:4      | Reached skill level 5 in Fighting
  3097 | D:4      | Slain by Kavrick's ghost

Vault maps used:
D:1:      scummos_arrival_checkerplants, minmay_hedge_maze
D:2:      nicolae_overflow_hidden_temple, minmay_misc_feat_rows
D:3:      nicolae_ru_the_path_less_chosen, uniq_sigmund
D:4:      minmay_temple_entry_trees, st_stairs_11, due_unseen_surprise,
          uniq_menkaure, uniq_natasha

Skill      XL: |  1  2  3  4  5  6 |
---------------+-------------------+-----
Dodging        | 3 4 |  4.1
Unarmed Combat | 4 5 |  5.7
Fighting       | 4 5 |  5.0

Action                   |  1- 3 |  4- 6 || total
-------------------------+-------+-------++-------
Melee: Unarmed           |   163 |    92 ||   255
       Tailslap          |    18 |    13 ||    31
       Punch             |     3 |       ||     3
Invok: Berserk           |     1 |     3 ||     4
       Trog's Hand       |       |     2 ||     2
 Stab: Sleeping          |     1 |       ||     1
  Eat: Chunk             |     4 |     6 ||    10
Armor: Skin              |    50 |    29 ||    79
Dodge: Dodged            |    95 |    45 ||   140

Table legend:
 A = Spawn XP
 B = Non-spawn XP
 C = Spawn XP percentage of total XP
 D = Spawn monster count
 E = Non-spawn monster count
 F = Spawn count percentage of total count
 G = Total turns spent on level
                    A         B        C        D         E        F      G
               +---------+---------+-------+---------+---------+-------+---------
         Total |       0 |     609 |   0.0 |       0 |      71 |   0.0 |  3097
               +---------+---------+-------+---------+---------+-------+---------
           D:1 |       0 |      32 |   0.0 |       0 |      19 |   0.0 |   806
           D:2 |       0 |      74 |   0.0 |       0 |      25 |   0.0 |  1279
           D:3 |       0 |     394 |   0.0 |       0 |      25 |   0.0 |   852
           D:4 |       0 |     109 |   0.0 |       0 |       2 |   0.0 |   160
               +---------+---------+-------+---------+---------+-------+---------
